 Dungeon Crawl Stone Soup version 0.27-a0-96-gb51a1d6fd6 (webtiles) character file.

Game seed: 16130503488785787444

144 knot the Chopper (level 5, 40/61 HPs)
             Began as a Demonspawn Berserker on Jan 19, 2021.
             Was a Believer of Trog.
             Quit the game on level 3 of the Dungeon.
             The game lasted 00:02:47 (2783 turns).

knot the Chopper (Demonspawn Berserker)             Turns: 2783, Time: 00:02:48

Health: 40/61      AC:  2    Str: 17    XL:     5   Next: 5%
Magic:  5/5        EV: 12    Int: 10    God:    Trog [**....]
Gold:   64         SH:  0    Dex: 12    Spells: 4/4 levels left

rFire    . . .     SeeInvis .   a - +0 hand axe
rCold    . . .     Faith    .   (no shield)
rNeg     . . .     Spirit   .   b - +0 animal skin
rPois    .         Reflect  .   (helmet restricted)
rElec    .         Harm     .   m - scarf {+Inv}
rCorr    .         Rampage  .   (no gloves)
Will     .....                  (no boots)
Stlth    ..........             (no amulet)
HPRegen  0.20/turn              (no ring)
MPRegen  0.09/turn              (no ring)

@: berserking, mildly poisoned (40 -> 39), very quick
A: antennae 2, powered by death 1, miasma immunity
a: Renounce Religion, Evoke Invisibility, Berserk, Trog's Hand


You were on level 3 of the Dungeon.
You worshipped Trog.
Trog was pleased with you.
You visited 1 branch of the dungeon, and saw 3 of its levels.

You collected 64 gold pieces.

Inventory:

Hand Weapons
 a - a +0 hand axe (weapon)
Missiles
 d - 39 stones
Armour
 b - a +0 animal skin (worn)
 m - a scarf of invisibility (worn)
Scrolls
 f - a scroll of identify
 g - a scroll of remove curse
 l - a scroll of teleportation
Potions
 c - 2 potions of curing {unknown}
 e - a potion of cancellation {unknown}
 i - a potion of lignification {unknown}
 k - a potion of haste


   Skills:
 - Level 3.0 Fighting
 + Level 5.3 Axes
 - Level 1.7 Armour
 - Level 1.7 Dodging


You had 4 spell levels left.
You didn't know any spells.
Your spell library was empty.

Dungeon Overview and Level Annotations

Branches:
Dungeon (3/15)

Altars:


Innate Abilities, Weirdness & Mutations

You have a pair of antennae on your head.
You regenerate a little health from kills.
You are immune to miasma.


Message History

You feel sick. The adder closely misses you.
The giant cockroach bites you but does no damage.
You slash the adder!
The adder is severely wounded.
You completely miss the giant cockroach.
The adder bites you. The giant cockroach closely misses you.
You barely miss the adder.
The adder is severely wounded.
You hit the giant cockroach but do no damage.
You barely miss the river rat. The adder closely misses you.
The giant cockroach barely misses you. The river rat bites you!
You hit the adder.
You kill the adder!
Trog accepts your kill.
You hit the giant cockroach. You closely miss the river rat.
The giant cockroach bites you.
You have reached level 5!
Your demonic ancestry asserts itself...
You feel immune to miasma.
Are you sure you want to abandon this character and quit the game? (Confirm with "yes".)

#..........
######......#. .
#....B......#. ## .##
#....#......#. .###...
###....#......#. .......
.......####.....#.#.....
###...#####+####.)......
+...# #.......B.#.....
#...###.....#.@r......
#†..........#.....w...
..†)).####....##.###....
......# #....##.. ...
...#### ####.##### ..
...{ .... ... #.### ...
+# ...


You could see a river rat, a dart slug and a giant cockroach.

Vanquished Creatures
  A worker ant (D:2)
  4 adders
  3 gnolls (D:3)
  A worm (D:2)
  2 dart slugs
  4 leopard geckos
  A ball python (D:2)
  3 giant cockroaches
  6 goblins
  5 hobgoblins
  3 kobolds
  4 bats
  6 frilled lizards
  6 rats
49 creatures vanquished.

Notes
Turn   | Place    | Note
-------+----------+-------------------------------------------
     0 | D:1      | knot the Demonspawn Berserker began the quest for the Orb.
     0 | D:1      | Reached XP level 1. HP: 18/18 MP: 1/1
    41 | D:1      | Reached skill level 3 in Axes
   296 | D:1      | Gained mutation: You have a pair of small antennae on your
                  | head. [demonic ancestry]
   296 | D:1      | Reached XP level 2. HP: 24/24 MP: 2/2
  1146 | D:2      | Gained mutation: You regenerate a little health from kills.
                  | [demonic ancestry]
  1146 | D:2      | Reached XP level 3. HP: 25/29 MP: 3/3
  1482 | D:2      | Reached skill level 4 in Axes
  1734 | D:2      | Reached ** piety under Trog
  2076 | D:2      | Gained mutation: You have a pair of antennae on your head.
                  | [demonic ancestry]
  2076 | D:2      | Reached XP level 4. HP: 6/35 MP: 4/4
  2730 | D:3      | Reached skill level 5 in Axes
  2783 | D:3      | Gained mutation: You are immune to miasma. [demonic
                  | ancestry]
  2783 | D:3      | Reached XP level 5. HP: 40/41 MP: 5/5
  2783 | D:3      | Quit the game

Illustrated notes

Levels and vault maps discovered:
D:1:      amcnicky_arrival_single_pillar, layout_rooms, due_unseen_surprise
D:2:      layout_loops_ring
D:3:      layout_basic, lightli_sewer_entry_pipes,
          nicolae_dithmenos_shadow_blocks

Skill      XL: |  1  2  3  4 |
---------------+-------------+-----
Axes           | 3 4 5 |  5.3
Fighting       | |  3.0
Armour         | |  1.7
Dodging        | |  1.7

Action                   |  1- 3 |  4- 6 || total
-------------------------+-------+-------++-------
Melee: Hand axe          |   128 |    25 ||   153
Invok: Berserk           |     4 |     3 ||     7
       Trog's Hand       |     1 |     1 ||     2
  Use: Scroll            |       |     7 ||     7
Armor: Animal skin       |    11 |     3 ||    14
Dodge: Dodged            |    78 |    16 ||    94

Table legend: (Time is in decaauts)
 A = Elapsed time spent in this place.
 B = Non-inter-level travel time spent in this place.
 C = Inter-level travel time spent in this place.
 D = Time resting spent in this place.
 E = Time spent auto-exploring this place.
 F = Levels seen in this place.
 G = Mean time per level.
                   A        B        C        D        E       F      G
               +--------+--------+--------+--------+--------+-----+--------+
         Total |   2859 |   2790 |     69 |    966 |   1457 |   3 |  953.0 |
       Dungeon |   2859 |   2790 |     69 |    966 |   1457 |   3 |  953.0 |
               +--------+--------+--------+--------+--------+-----+--------+

Top non-repeatable levels by time:
     D:1: 1496 daAuts
     D:2: 1298 daAuts
     D:3: 64 daAuts
